 Dungeon Crawl Stone Soup version 0.27-a0-1456-gf5a116941d (webtiles) character file.

Game seed: 2921434029531184364

66080 mathematician the Thaumaturge (level 14, 0/114 HPs)
             Began as a Black Draconian Conjurer on July 4, 2021.
             Was a High Priest of Nemelex Xobeh.
             Killed from afar by an oklob plant (14 damage)
             ... with a splash of acid
             ... on level 5 of the Lair of Beasts on July 6, 2021.
             The game lasted 02:43:12 (29583 turns).

mathematician the Thaumaturge (DrCj)               Turns: 29583, Time: 02:43:12

Health: 0/114      AC: 13    Str: 11    XL:     14   Next: 77%
Magic:  25/29      EV: 19    Int: 21    God:    Nemelex Xobeh [*****.]
Gold:   1740       SH:  3    Dex: 11    Spells: 19/35 levels left

rFire    . . .     SeeInvis .   a - +10 falchion of Doubt {freeze, Fly rC+}
rCold    + . .     Faith    +   S - +0 buckler
rNeg     . . .     Spirit   .   (armour unavailable)
rPois    +         Reflect  .   m - +2 hat
rElec    +         Harm     .   k - +2 cloak {Will+}
rCorr    .         Rampage  .   u - +0 pair of gloves
Will     ++...                  i - +2 pair of boots
Stlth    +++.......             Q - amulet of faith
HPRegen  0.29/turn              b - +4 ring of protection
MPRegen  0.21/turn              w - +4 ring of evasion

@: corroded, flying
A: breathe lightning, AC +8, unfitting armour, big wings, electricity
resistance, cold-blooded, mutation resistance 1, poison resistance
a: Breathe Lightning, Renounce Religion, Draw Escape, Draw Destruction, Draw
Summoning, Draw Stack, Triple Draw, Deal Four, Stack Five


You were on level 5 of the Lair of Beasts.
You worshipped Nemelex Xobeh.
Nemelex Xobeh was extremely pleased with you.
You visited 5 branches of the dungeon, and saw 21 of its levels.

You collected 2512 gold pieces.
You spent 772 gold pieces at shops.

Inventory:

Hand Weapons
 a - the +10 falchion of Doubt (weapon) {freeze, Fly rC+}
   (You found it on level 5 of the Dungeon)

   It has been specially enchanted to freeze those struck by it, causing extra
   injury to most foes and up to half again as much damage against particularly
   susceptible opponents.
   It can also slow down cold-blooded creatures.
   rC:        It protects you from cold.
   Fly:       It grants you flight.
 o - the +6 rapier of Annihilation {freeze, rElec rPois rC- Int+5}
   (You found it on level 5 of the Dungeon)

   It has been specially enchanted to freeze those struck by it, causing extra
   injury to most foes and up to half again as much damage against particularly
   susceptible opponents.
   It can also slow down cold-blooded creatures.
   Int:       It affects your intelligence (+5).
   rC:        It makes you vulnerable to cold.
   rElec:     It insulates you from electricity.
   rPois:     It protects you from poison.
Missiles
 I - 5 boomerangs of dispersal
 X - 2 curare-tipped darts
Armour
 i - a +2 pair of boots (worn)
 k - a +2 cloak of willpower (worn)
 m - a +2 hat (worn)
 u - a +0 pair of gloves (worn)
 S - a +0 buckler (worn)
Magical Staves
 f - a staff of fire
 p - a staff of poison
Jewellery
 b - a +4 ring of protection (left hand)
 g - a ring of willpower
 h - a +6 ring of intelligence
 w - a +4 ring of evasion (right hand)
 F - a ring of protection from fire
 J - a +6 ring of intelligence
 M - a ring of resist corrosion
 P - a ring of protection from cold
 Q - an amulet of faith (around neck)
 T - a ring of ice
Wands
 q - a wand of acid (27)
 x - a wand of flame (47)
 y - a wand of iceblast (17)
 E - a wand of digging (4)
 Y - a wand of mindburst (29)
Scrolls
 n - 5 scrolls of teleportation
 s - a scroll of fear
 t - 2 scrolls of magic mapping
 v - 3 scrolls of immolation
 A - a scroll of summoning
 C - 2 scrolls of holy word
 G - 5 scrolls of enchant weapon
 K - a scroll of brand weapon
Potions
 c - 5 potions of heal wounds
 e - 4 potions of haste
 l - a potion of ambrosia
 r - 3 potions of lignification
 z - 2 potions of might
 D - a potion of magic
 H - a potion of berserk rage
 L - 2 potions of curing
Miscellaneous
 d - a phial of floods (inert)
 j - a tin of tremorstones (2/2)
 O - a condenser vane
 R - a lightning rod (4/4)


   Skills:
 * Level 7.8 Fighting
 + Level 4.0(7.6) Short Blades
 + Level 10.0(10.3) Long Blades
 + Level 1.1(1.6) Axes
 + Level 1.6(1.8) Maces & Flails
 + Level 9.5 Dodging
 + Level 6.3 Stealth
 + Level 1.4 Shields
 + Level 0.1 Unarmed Combat
 + Level 11.1 Spellcasting
 + Level 11.0 Conjurations
 * Level 2.0 Hexes
 + Level 8.8 Air Magic
 + Level 3.9 Poison Magic
 + Level 9.5 Invocations
 + Level 1.4 Evocations


You had 19 spell levels left.
You knew the following spells:

 Your Spells              Type           Power      Damage    Failure   Level
a - Magic Dart            Conj           100%       1d8       1%          1
b - Searing Ray           Conj           100%       3d7       1%          2
c - Poisonous Vapours     Pois/Air       76%        N/A       1%          2
d - Lightning Bolt        Conj/Air       26%        1d42      3%          5
f - Fulminant Prism       Conj/Hex       19%        3d11      5%          4
s - Static Discharge      Conj/Air       52%        N/A       1%          2

Your spell library contained the following spells:

 Spells                   Type           Power      Damage    Failure   Level
 Foxfire                  Conj/Fire      100%       2x1d9     1%          1
 Dazzling Flash           Conj/Hex       78%        N/A       1%          3
 Conjure Flame            Conj/Fire      34%        6-21      2%          3
 Corona                   Hex            22%        N/A       3%          1
 Sting                    Tmut/Pois      80%        1d7       3%          1
 Animate Skeleton         Necr           22%        N/A       8%          1
 Apportation              Tloc           22%        N/A       8%          1
 Freeze                   Ice            44%        1d6       8%          1
 Pain                     Necr           44%        1d6       8%          1
 Summon Small Mammal      Summ           44%        N/A       8%          1
 Ensorcelled Hibernation  Hex/Ice        32%        N/A       8%          2
 Hailstorm                Conj/Ice       34%        3d9       9%          4
 Iskenderun's Mystic Bla  Conj/Tloc      34%        2d8       9%          4
 Tukima's Dance           Hex            20%        N/A       10%         3
 Spider Form              Tmut/Pois      10%        N/A       11%         3
 Ignite Poison            Fire/Tmut/Pois 17%        N/A       14%         3
 Inner Flame              Hex/Fire       16%        N/A       16%         3
 Olgreb's Toxic Radiance  Pois           28%        N/A       16%         4
 Frozen Ramparts          Ice            22%        1d4       24%         3
 Gell's Gravitas          Tloc           5%         N/A       24%         3
 Teleport Other           Tloc           11%        N/A       24%         3
 Bolt of Magma            Conj/Fire/Erth 13%        4d8       43%         5
 Leda's Liquefaction      Hex/Erth       8%         N/A       45%         4
 Petrify                  Tmut/Erth      11%        N/A       61%         4
 Alistair's Intoxication  Tmut/Pois      13%        N/A       67%         5
 Metabolic Englaciation   Hex/Ice        8%         N/A       82%         5
 Agony                    Necr           11%        N/A       91%         5
 Blade Hands              Tmut           5%         N/A       91%         5
 Excruciating Wounds      Necr           5%         N/A       91%         5
 Dispersal                Tloc           5%         N/A       100%        6
 Shadow Creatures         Summ           N/A        N/A       100%        6
 Statue Form              Tmut/Erth      7%         N/A       100%        6
 Maxwell's Capacitive Co  Air            24%        ∞         100%        8


Dungeon Overview and Level Annotations

Branches:
Dungeon (11/15)            Temple (1/1) D:4            Lair (6/6) D:9
  Swamp (1/4) Lair:2       Spider (0/4) Lair:4        Slime (0/5) Lair:6
    Orc (2/2) D:11            Elf (0/3) Orc:2

Altars:
Ashenzari
Cheibriados
Dithmenos
Elyvilon
Fedhas
Gozag
Hepliaklqana
Kikubaaqudgha
Makhleb
Nemelex Xobeh
Okawaru
Qazlal
Ru
Sif Muna
Trog
Uskayaw
Vehumet
Wu Jian
Xom
Yredelemnul
Zin
The Shining One
Jiyva

Shops:
D:2 :   D:4 *=([   D:7 ?   Orc:2 !?(=

Portals:
Abyss: Lair:3

Annotations:
D:2 1 exclusion, Terence
D:3 Crazy Yiuf
Lair:2 exclusion: upstairs
Lair:3 2 transporters, Tutankhamun's ghost, journeyman GrCK
Lair:5 exclusion: 3 oklob plants


Innate Abilities, Weirdness & Mutations

You can breathe wild blasts of lightning.
Your glossy black scales are hard. (AC +8)
You cannot fit into any form of body armour.
Your large and strong wings let you fly.
You are resistant to electric shocks. (rElec)
You are cold-blooded and may be slowed by cold attacks.
You are somewhat resistant to further mutation.
Your system is resistant to poisons. (rPois)


Message History

Your fulminant prism is splashed with acid!
The acid corrodes your fulminant prism!
Your fulminant prism detonates feebly.
You start resting.
You are no longer corroded.
Really fly into a travel-excluded area?
Casting: Fulminant Prism (dangerous; 5% risk of failure)
Confirm with . or Enter, or press ? or * to list all spells.
Aiming: Fulminant Prism (dangerous; 5% risk of failure)
Press: ? - help, Dir - move target You conjure a prism of explosive energy!
A fulminant prism comes into view.
The oklob plant spits acid at you.
The splash of acid hits you but does no damage.
The acid corrodes you!
You are splashed with acid!
You draw a card...
You have drawn Vitriol.
Press: ? - help, Shift-Dir - straight line, f - oklob plant
Aim: an oklob plant (heavily damaged, ally target)
The bolt of acid hits the oklob plant.
The oklob plant completely resists.
The oklob plant is heavily damaged.
Your fulminant prism crackles loudly.
Casting: Fulminant Prism (dangerous; 5% risk of failure)
Confirm with . or Enter, or press ? or * to list all spells.
Okay, then.
Okay, then.
The oklob plant spits acid at you. The splash of acid hits you.
The acid corrodes you!
You are splashed with acid!
The oklob plant spits acid at you. The splash of acid hits you.
* * * LOW HITPOINT WARNING * * *
You are splashed with acid!
* * * LOW HITPOINT WARNING * * *
Your fulminant prism explodes!
The blast of energy engulfs the oklob plant!!
The oklob plant is severely damaged.
The oklob plant spits acid at you. The splash of acid hits you!
You die...
Your body glows slightly and disappears.

#....## #P...... ##...#
#....#.. #.### ##....##
##.P### ##....## #
##.....###.....#. ###.##
#.#.#P.#.PP...^.. ??....#
##...............
)P.....###....#..###...#.
P....(..@.......####....#
###.##.##....#..#.##...##
## ######...####..#P
#..## #..... #P.P# #.....
##..####.... #....###..##
#....##..... ##...###.(..


You could see an oklob plant.

Vanquished Creatures
  A bunyip (Swamp:1)
  2 eleionomae
  Fannar (Lair:1)
  12 hydras
  2 catoblepae
  5 two-headed ogres
  An ogre mage (D:10)
  A centaur warrior (D:10)
  An alligator (Swamp:1)
  A deep troll shaman (Lair:6)
  3 death yaks (Lair:6)
  An orc high priest (Orc:2)
  Sonja (Lair:5)
  A lindwurm (Lair:6)
  Pikel (D:6)
  4 orc knights
  An oklob plant (Lair:6)
  2 orc sorcerers (Orc:2)
  A mana viper (Orc:2)
  7 elephants
  A moth of wrath (Lair:6)
  A black mamba (Lair:4)
  8 cane toads
  3 unseen horrors
  A gargoyle (D:10)
  A rime drake (Lair:2)
  Maggie (D:7)
  5 komodo dragons
  2 polar bears
  3 hornets
  8 trolls
  2 tyrant leeches (Swamp:1)
  11 blink frogs
  6 slime creatures
  4 dream sheep (Lair:6)
  A centaur simulacrum (D:10)
  3 redbacks (Lair:4)
  A spriggan (Swamp:1)
  60 yaks
  6 wyverns
  4 basilisks
  Grum (D:8)
  A steam dragon (D:5)
  6 vampire mosquitoes
  A swamp worm (Swamp:1)
  A naga (Orc:1)
  23 water moccasins
  A warg (Orc:1)
  Duvessa (D:6)
  3 sky beasts
  5 black bears
  16 orc warriors
  8 ogres
  A hornet zombie (D:4)
  A centaur (D:5)
  A necrophage (D:6)
  17 wolves
  A lemure (D:6)
  A phantom (D:7)
  Blork the orc (D:6)
  4 kobold brigands (D:8)
  14 bullfrogs
  A wyvern zombie (D:8)
  A gnoll sergeant (D:10)
  3 scorpions
  A water moccasin zombie (D:5)
  Dowan (D:6)
  13 killer bees (D:9)
  2 howler monkeys
  7 wights
  5 centaur zombies
  2 hounds
  2 jellies (D:5)
  A bullfrog skeleton (D:4)
  10 orc priests
  5 iguanas
  Jessica (D:2)
  A centaur skeleton (D:4)
  17 orc wizards
  A hound skeleton (D:5)
  A howler monkey zombie (D:6)
  3 gnolls
  5 adders
  2 white imps (D:6)
  An ufetubus (D:5)
  An adder skeleton (D:4)
  A worm (D:4)
  3 dart slugs
  37 orcs
  3 bats
  4 endoplasms
  9 giant cockroaches
  4 goblins
  8 hobgoblins
  3 jackals
  3 quokkas
  4 ball pythons
  3 frilled lizards
  22 kobolds
  3 rats (D:1)
  A fungus (Lair:6)
484 creatures vanquished.

Vanquished Creatures (collateral kills)
  A boulder beetle (Lair:6)
  An orc high priest (Orc:2)
  A swamp dragon (Orc:2)
  A faun (Orc:2)
  3 elephants (Lair:6)
  A blink frog (Lair:6)
  3 gnolls (D:10)
11 creatures vanquished.

Vanquished Creatures (others)
  An orc wizard (Orc:2)
  7 fulminant prisms (Lair:5)
  68 fungi
  80 plants
156 creatures vanquished.

Grand Total: 651 creatures vanquished

Notes
Turn   | Place    | Note
-------+----------+-------------------------------------------
     0 | D:1      | mathematician the Draconian Conjurer began the quest for
                  | the Orb.
     0 | D:1      | Reached XP level 1. HP: 14/14 MP: 3/3
   373 | D:1      | Reached XP level 2. HP: 20/20 MP: 3/5
   376 | D:1      | Learned a level 2 spell: Searing Ray
  1382 | D:2      | Noticed Terence
  1487 | D:2      | Reached XP level 3. HP: 26/26 MP: 4/6
  1510 | D:2      | Noticed Jessica
  1513 | D:2      | Killed Jessica
  1514 | D:2      | Reached skill level 5 in Conjurations
  1832 | D:2      | Found Xiaheb's Book Boutique.
  2115 | D:2      | Found a faded altar of an unknown god.
  2150 | D:2      | Reached XP level 4. HP: 33/33 MP: 3/7
  2774 | D:3      | Found a runed translucent door.
  2775 | D:3      | Noticed Crazy Yiuf
  3790 | D:4      | Found a staircase to the Ecumenical Temple.
  3799 | Temple   | Entered the Ecumenical Temple
  3911 | Temple   | Became a worshipper of Nemelex Xobeh the Trickster
  4065 | D:4      | Reached XP level 5. HP: 38/38 MP: 4/9
  4129 | D:4      | Reached skill level 1 in Invocations
  4500 | D:4      | Found Tuzodwur's Antique Armour Shoppe.
  4525 | D:4      | Found Pekotam's Antique Weapon Boutique.
  4630 | D:4      | Found Asevycru's General Store.
  4666 | D:4      | Bought a glowing cloak for 172 gold pieces
  4733 | D:4      | Reached XP level 6. HP: 42/46 MP: 1/10
  4863 | D:4      | Found Notap's Jewellery Boutique.
  5080 | D:5      | Entered Level 5 of the Dungeon
  5146 | D:5      | Noticed a sky beast
  5175 | D:5      | Killed a sky beast
  5360 | D:5      | Identified the +6 rapier of Annihilation {freeze, rElec
                  | rPois rC- Int+5}
  5381 | D:5      | Found a large runed translucent door.
  5381 | D:5      | Found a large runed translucent door.
  5390 | D:5      | Reached skill level 1 in Maces & Flails
  5390 | D:5      | Your scales start taking on a glossy black colour.
  5390 | D:5      | Reached XP level 7. HP: 51/51 MP: 5/12
  5390 | D:5      | Gained mutation: You are resistant to electric shocks.
                  | (rElec) [Black Draconian growth]
  5443 | D:5      | Noticed a vampire mosquito
  5452 | D:5      | Found a large runed translucent door.
  5452 | D:5      | Found a large runed translucent door.
  5459 | D:5      | Reached skill level 1 in Fighting
  5572 | D:5      | Noticed a steam dragon
  5573 | D:5      | Reached skill level 1 in Short Blades
  5577 | D:5      | Killed a steam dragon
  5761 | D:5      | Learned a level 2 spell: Poisonous Vapours
  5868 | D:5      | Reached XP level 8. HP: 59/59 MP: 7/14
  5919 | D:5      | Reached * piety under Nemelex Xobeh
  6111 | D:5      | Reached skill level 1 in Air Magic
  6213 | D:5      | Identified the +10 falchion of Doubt {freeze, Fly rC+}
  6275 | D:5      | Reached skill level 1 in Axes
  6757 | D:6      | Noticed Blork the orc
  6904 | D:7      | Noticed a hornet
  6910 | D:7      | Noticed Maggie
  7118 | D:6      | Reached XP level 9. HP: 61/67 MP: 16/16
  7190 | D:6      | Noticed a troll
  7198 | D:6      | Killed a troll
  7199 | D:6      | Reached skill level 5 in Invocations
  7371 | D:6      | Reached skill level 5 in Spellcasting
  7417 | D:6      | Noticed Duvessa
  7417 | D:6      | Noticed Dowan
  7441 | D:6      | Killed Duvessa
  7442 | D:6      | Reached skill level 1 in Long Blades
  7460 | D:6      | Killed Dowan
  7552 | D:6      | Killed Blork the orc
  7670 | D:6      | Noticed Pikel
  7678 | D:6      | Killed Pikel
  8027 | D:7      | Paralysed by a hornet for 1 turns
  8294 | D:7      | Found Ruovojau's Magic Scroll Shop.
  8335 | D:7      | Killed Maggie
  8468 | D:7      | Identified the +5 chain mail "Tifat" {rC+ Will- Stlth+}
  8563 | D:7      | Reached XP level 10. HP: 77/77 MP: 10/18
  9101 | D:7      | Upgraded the game from 0.27-a0-1438-g9b7c6745da to
                  | 0.27-a0-1448-g9c78c815f3
  9137 | D:8      | Reached skill level 5 in Air Magic
  9207 | D:8      | Reached skill level 5 in Dodging
  9224 | D:8      | Found a blossoming altar of Fedhas.
  9279 | D:8      | Noticed Grum
  9445 | D:8      | Killed Grum
 10097 | D:9      | Got the Reference Book on Transmutation and the Volcanoes
 10777 | D:9      | Reached skill level 5 in Stealth
 10787 | D:9      | Received a gift from Nemelex Xobeh
 11053 | D:9      | Paralysed by an orc warrior for 2 turns
 11063 | D:9      | Paralysed by an orc warrior for 2 turns
 11073 | D:9      | Reached XP level 11. HP: 77/83 MP: 10/21
 11156 | D:9      | Found a staircase to the Lair.
 11476 | Lair:1   | Entered Level 1 of the Lair of Beasts
 12103 | Lair:1   | Reached ** piety under Nemelex Xobeh
 12536 | Lair:1   | Noticed Fannar
 12540 | Lair:1   | Killed Fannar
 12556 | Lair:1   | Noticed a seven-headed hydra
 13017 | Lair:1   | Killed a seven-headed hydra
 13809 | Lair:2   | Reached skill level 5 in Long Blades
 13982 | Lair:2   | Reached *** piety under Nemelex Xobeh
 14129 | Lair:1   | Reached XP level 12. HP: 90/93 MP: 13/24
 14288 | Lair:2   | Received a gift from Nemelex Xobeh
 14319 | Lair:2   | Reached skill level 5 in Fighting
 14533 | Lair:2   | You are sucked into a shaft and drop 2 floors!
 14621 | Lair:2   | Found a staircase to the Swamp.
 14985 | Lair:2   | Received a gift from Nemelex Xobeh
 15128 | Lair:2   | Noticed a catoblepas
 15148 | Lair:2   | Killed a catoblepas
 15149 | Lair:2   | Reached skill level 10 in Conjurations
 16001 | D:4      | Bought an amulet of faith for 560 gold pieces
 16342 | Lair:4   | Reached **** piety under Nemelex Xobeh
 16342 | Lair:4   | Noticed a six-headed hydra
 16770 | D:4      | Bought a scroll of identify for 20 gold pieces
 16770 | D:4      | Bought a scroll of identify for 20 gold pieces
 17026 | Lair:4   | Found a hole to the Spider Nest.
 17075 | Lair:4   | Received a gift from Nemelex Xobeh
 17563 | Lair:3   | Noticed an eight-headed hydra
 17766 | Lair:3   | Killed an eight-headed hydra
 17872 | Lair:3   | Received a gift from Nemelex Xobeh
 17929 | Lair:3   | Found a transporter.
 17931 | Lair:3   | Noticed a rakshasa
 17940 | Lair:3   | Found a transporter.
 17970 | Lair:3   | Noticed Tutankhamun's ghost (journeyman GrCK)
 17986 | Lair:3   | Found a one-way gate to the infinite horrors of the Abyss.
 18364 | Lair:4   | Received a gift from Nemelex Xobeh
 18386 | Lair:4   | Reached ***** piety under Nemelex Xobeh
 18656 | Lair:4   | Killed a six-headed hydra
 19192 | Lair:5   | Noticed a four-headed hydra
 19199 | Lair:5   | Killed a four-headed hydra
 19369 | Lair:5   | Received a gift from Nemelex Xobeh
 19500 | Lair:5   | Noticed Sonja
 19503 | Lair:5   | Killed Sonja
 19509 | Lair:5   | Reached XP level 13. HP: 92/102 MP: 26/26
 19969 | Lair:6   | Entered Level 6 of the Lair of Beasts
 20178 | Lair:6   | Reached skill level 1 in Evocations
 20261 | Lair:6   | Reached skill level 1 in Poison Magic
 20973 | Lair:6   | Reached skill level 10 in Spellcasting
 21099 | Lair:6   | Received a gift from Nemelex Xobeh
 21887 | Lair:6   | Received a gift from Nemelex Xobeh
 23098 | Lair:6   | Identified the +5 dagger of Teanos {flame, Str+4}
 23255 | Lair:6   | Identified a scroll of acquirement
 23255 | Lair:6   | Acquired a +1 hat
 23323 | Lair:6   | Found a viscous altar of Jiyva.
 23323 | Lair:6   | Found a staircase to the Slime Pits.
 23379 | Lair:6   | Upgraded the game from 0.27-a0-1448-g9c78c815f3 to
                  | 0.27-a0-1456-gf5a116941d
 23556 | D:10     | Entered Level 10 of the Dungeon
 23576 | D:10     | Received a gift from Nemelex Xobeh
 23808 | D:10     | Gained mutation: Your large and strong wings let you fly.
                  | [Black Draconian growth]
 23808 | D:10     | Reached XP level 14. HP: 111/111 MP: 21/28
 23852 | D:10     | Learned a level 2 spell: Static Discharge
 23858 | D:10     | Learned a level 5 spell: Lightning Bolt
 23922 | D:10     | Received a gift from Nemelex Xobeh
 25204 | D:11     | Gained mutation: You expend magic power (3 MP) to
                  | strengthen your wands. [potion of mutation]
 25204 | D:11     | Gained mutation: You are strong-willed. (Will+) [potion of
                  | mutation]
 25597 | D:11     | Received a gift from Nemelex Xobeh
 25614 | D:11     | Found a staircase to the Orcish Mines.
 26019 | D:11     | Lost mutation: You are strong-willed. (Will+) [potion of
                  | mutation]
 26019 | D:11     | Lost mutation: You expend magic power (3 MP) to strengthen
                  | your wands. [potion of mutation]
 26019 | D:11     | Gained mutation: Your system is resistant to poisons.
                  | (rPois) [potion of mutation]
 26019 | D:11     | Gained mutation: You are somewhat resistant to further
                  | mutation. [potion of mutation]
 26050 | Orc:1    | Entered Level 1 of the Orcish Mines
 26366 | Orc:2    | Entered Level 2 of the Orcish Mines
 26366 | Orc:2    | Received a gift from Nemelex Xobeh
 26662 | Orc:1    | Received a gift from Nemelex Xobeh
 26782 | Orc:1    | Reached skill level 1 in Shields
 27056 | Orc:2    | Found a staircase to the Elven Halls.
 27273 | Orc:2    | Found a shimmering blue altar of Sif Muna.
 27295 | Orc:2    | Got Sif Muna's Disquisition on the Glacier
 28090 | Orc:2    | Reached skill level 10 in Long Blades
 28376 | Orc:2    | Received a gift from Nemelex Xobeh
 28403 | Orc:2    | Found Naas's Weapon Shop.
 28403 | Orc:2    | Found Zoetuiqa's Jewellery Shoppe.
 28405 | Orc:2    | Found Ifruko's Distillery.
 28405 | Orc:2    | Found Wegiem's Magic Scroll Shoppe.
 28717 | Orc:1    | Learned a level 4 spell: Fulminant Prism
 28912 | Swamp:1  | Entered Level 1 of the Swamp
 29125 | Swamp:1  | Reached skill level 1 in Hexes
 29583 | Lair:5   | Killed from afar by an oklob plant

Illustrated notes

Levels and vault maps discovered:
D:1:      shiori_shiawase, layout_basic
D:2:      layout_loops_ring, ebering_ecumenical_altar_box, serial_shops,
          nicolae_shop_trees, serial_bayou_lake_a, uniq_terence, uniq_jessica
D:3:      layout_loops_ring, minmay_misc_feat_ornament, uniq_crazy_yiuf_cottage
D:4:      layout_rooms, temple_hall, serial_shops, shop_fountains,
          nicolae_shop_statue_plus, nicolae_shop_statue_plus, shop
D:5:      layout_rooms, chequers_serial_rivers_micro_b,
          minmay_hollow_rounded_squares
D:6:      layout_basic, uniq_blork_the_orc, uniq_pikel, uniq_duvessa
D:7:      layout_rooms, serial_shops, nicolae_shop_behind_doors, uniq_maggie
D:8:      layout_gridville, old_standard_altar, uniq_grum
D:9:      layout_roguey, grunt_lair_entry_orc_guard_hut
D:10:     layout_irregular_city, minmay_fractal_squares_gapless_7
D:11:     layout_long_grid, orc_0_dummy, hangedman_decor_opposing
Temple:   kilobyte_greek_temple
Lair:1:   layout_cave_pods, chequers_serial_rivers_small_b, uniq_fannar
Lair:2:   layout_chaotic_city, swamp_mist, minivault_11, hibernation_bobbens,
          grunt_megastairs_3
Lair:3:   layout_misc_corridors, gammafunk_ghost_abyssal_escape
Lair:4:   layout_regular_city, spider_nest_entry_webs, grunt_megastairs_2,
          infiniplex_staircase_pool_2, lemuel_fruit_tree
Lair:5:   layout_loops_ring, minmay_lair_oklob_chamber, uniq_sonja
Lair:6:   grunt_lair_end_beastmaster, layout_regular_city,
          dpeg_slime_entry_enclosed_altar, grunt_megastairs_1
Swamp:1:  layout_basic_swamp, evilmike_swamp_ruin_house_4, swamp_pool1,
          uniq_louise
Orc:1:    layout_caves
Orc:2:    grunt_orc_tribal_feast, layout_diamond_mine, led_sif_book

Skill      XL: |  1  2  3  4  5  6  7  8  9 10 11 12 13 14 |
---------------+-------------------------------------------+-----
Conjurations   | 5 6 7 8 9 10 11 | 11.0
Dodging        | 2 3 4 5 6 7 8 9 |  9.5
Stealth        | 2 3 4 5 6 |  6.3
Invocations    | 1 2 3 4 6 7 9 |  9.5
Spellcasting   | 3 4 5 6 8 9 10 11 | 11.1
Maces & Flails | 1 |  1.6
Fighting       | 1 2 3 4 6 7 |  7.8
Short Blades   | 1 2 4 |  4.0
Air Magic      | 3 4 5 6 8 |  8.8
Axes           | 1 |  1.1
Long Blades    | 2 3 5 8 9 10 | 10.0
Evocations     | 1 |  1.4
Poison Magic   | 3 |  3.9
Shields        | 1 |  1.4
Hexes          | 2 |  2.0
Unarmed Combat | |  0.1

Action                   |  1- 3 |  4- 6 |  7- 9 | 10-12 | 13-15 || total
-------------------------+-------+-------+-------+-------+-------++-------
Melee: Unarmed           |     3 |       |       |       |       ||     3
       Mace              |       |    13 |       |       |       ||    13
       Hand axe          |       |    28 |       |       |       ||    28
       Tailslap          |       |     2 |     9 |    18 |    38 ||    67
       Rapier            |       |       |    28 |       |       ||    28
       Falchion          |       |       |    20 |   136 |   265 ||   421
 Cast: Magic Dart        |    69 |    57 |    40 |   133 |    72 ||   371
       Searing Ray       |     1 |    13 |    33 |   129 |    96 ||   272
       Poisonous Vapours |       |       |       |     4 |    63 ||    67
       Static Discharge  |       |       |       |       |    36 ||    36
       Fulminant Prism   |       |       |       |       |     7 ||     7
Invok: Draw Destruction  |       |       |       |     4 |    16 ||    20
       Draw Stack        |       |       |       |     1 |     9 ||    10
       Stack Five        |       |       |       |     1 |     2 ||     3
       Draw Summoning    |       |       |       |       |     3 ||     3
       Draw Escape       |       |       |       |       |     1 ||     1
 Abil: Breathe Lightning |       |       |     2 |    12 |    21 ||    35
Evoke: Wand              |       |       |     2 |       |     3 ||     5
       Lightning rod     |       |       |       |     2 |     2 ||     4
       Phial of floods   |       |       |       |       |     1 ||     1
  Use: Scroll            |       |     7 |     7 |     8 |    11 ||    33
       Potion            |       |       |       |       |     3 ||     3
 Stab: Sleeping          |       |     1 |     3 |     3 |       ||     7
       Distracted        |       |       |     1 |       |       ||     1
Armor: Skin              |     1 |    32 |    43 |    84 |   224 ||   384
Dodge: Dodged            |    12 |    17 |    72 |   277 |   469 ||   847
Block: Buckler           |       |       |       |       |    45 ||    45
       Rpst.: Falchion   |       |       |    17 |    59 |    84 ||   160

Table legend: (Time is in decaauts)
 A = Elapsed time spent in this place.
 B = Non-inter-level travel time spent in this place.
 C = Inter-level travel time spent in this place.
 D = Time resting spent in this place.
 E = Time spent auto-exploring this place.
 F = Levels seen in this place.
 G = Mean time per level.
                   A        B        C        D        E       F      G
               +--------+--------+--------+--------+--------+-----+--------+
         Total |  29690 |  26856 |   2834 |   1705 |  21150 |  21 | 1413.8 |
       Dungeon |  14843 |  13182 |   1661 |    631 |  10639 |  11 | 1349.4 |
        Temple |    242 |    190 |     52 |      0 |    178 |   1 |  242.0 |
          Lair |  11388 |  10415 |    973 |    833 |   8085 |   6 | 1898.0 |
         Swamp |    511 |    497 |     14 |      3 |    379 |   1 |  511.0 |
  Orcish Mines |   2704 |   2572 |    132 |    238 |   1869 |   2 | 1352.0 |
               +--------+--------+--------+--------+--------+-----+--------+

Top non-repeatable levels by time:
  Lair:6: 2777 daAuts
  Lair:1: 2510 daAuts
  Lair:5: 1988 daAuts
  Lair:2: 1851 daAuts
     D:9: 1727 daAuts
    D:10: 1599 daAuts
     D:7: 1569 daAuts
   Orc:2: 1557 daAuts
     D:5: 1544 daAuts
     D:2: 1518 daAuts
     D:4: 1456 daAuts
     D:6: 1398 daAuts
     D:1: 1323 daAuts
  Lair:4: 1255 daAuts
   Orc:1: 1146 daAuts
